AoeStats
← BulucChabtan4

Arabia

509733526Analyzed
1v1 RM · 5d ago on Sep 27, 2026· 42m 47s· 2 players
Game mode
Random Map
Map size
Tiny (2 player)
Population
200
Speed
Normal
Resources
Standard
Victory
Conquest
Starting age
Dark Age
Ending age
Imperial Age
RankedLock teamsTeams togetherTeam positionsShared explorationLock speedFull tech treeHidden civsTurbo modeCheats
Victory
Defeat
🇲🇽 Aztecs · Mexico
1320
+14
🇲🇽 Saracens · Mexico
1270
-14
BulucChabtan4
8:40 Loom
11:02 Feudal Age
11:06 Man-at-Arms
12:48 Arson
12:54 Double-Bit Axe
20:20 Castle Age
18:41 Gold Mining
18:34 Horse Collar
20:00 Fletching
20:27 Crossbowman
21:42 Bow Saw
21:35 Bodkin Arrow
23:58 Ballistics
28:29 Town Watch
29:45 Heavy Plow
32:13 Wheelbarrow
34:51 Town Patrol
38:18 Imperial Age
36:10 Stone Mining
36:17 Eagle Warrior
36:59 Padded Archer Armor
37:10 Forging
37:00 Scale Mail Armor
37:33 Hand Cart
37:30 Squires
38:33 Leather Archer Armor
39:28 Iron Casting
39:44 Crop Rotation
39:54 Bracer
40:09 Chain Mail Armor
41:52 Elite Eagle Warrior
Kukan
6:45 Loom
9:13 Feudal Age
9:47 Double-Bit Axe
20:46 Castle Age
19:15 Fletching
22:47 Bodkin Arrow
23:09 Bow Saw
24:00 Elite Skirmisher
26:44 Padded Archer Armor
31:33 Scale Barding Armor
35:05 Forging
35:00 Light Cavalry
36:32 Leather Archer Armor
36:40 Chain Barding Armor
36:37 Horse Collar
42:12 Imperial Age
41:58 Forging
43:07 Bloodlines
Connection lost

Rejoining the realm…

Still unreachable

The connection could not be restored.

Session expired

The server has moved on; the page needs a fresh start.